 Dungeon Crawl Stone Soup version 0.30-a0-1035-g38d5fb2972 (webtiles) character file.

Game seed: 14136691535086542899

7 Ic0nGaming the Cutter (level 2, -8/19 HPs)
             Began as a Kobold Fighter on Apr 8, 2023.
             Mangled by a gnoll
             ... wielding a +0 flail
              (11 damage)
             ... on level 1 of the Dungeon.
             The game lasted 00:00:59 (128 turns).

Ic0nGaming the Cutter (Kobold Fighter)               Turns: 128, Time: 00:01:00

Health: -8/19      AC:  6    Str: 13    XL:     2   Next: 5%
Magic:  2/2        EV: 10    Int:  9    God:
Gold:   11         SH:  4    Dex: 14    Spells: 1/1 levels left

rFire   . . .      SeeInvis .    a - +0 rapier
rCold   . . .      Faith    .    c - +0 buckler
rNeg    . . .      Spirit   .    b - +0 scale mail
rPois   .          Reflect  .    (no helmet)
rElec   .          Rampage  .    (no cloak)
rCorr   .                        (no gloves)
Will    .....                    (no boots)
Stlth   +                        (no amulet)
HPRegen 0.23/turn                (no ring)
MPRegen 0.08/turn                (no ring)

@: no status effects
A: small, no large weapons, nightstalker 3
a: no special abilities


You were on level 1 of the Dungeon.
You visited 1 branch of the dungeon, and saw 1 of its levels.

You collected 11 gold pieces.

Inventory:

Hand Weapons
 a - a +0 rapier (weapon)
Armour
 b - a +0 scale mail (worn)
 c - a +0 buckler (worn)
Scrolls
 e - a scroll of teleportation {unknown}
 f - a scroll of brand weapon {unknown}
 g - a scroll of noise {unknown}
Potions
 d - a potion of might


   Skills:
 - Level 3.2 Fighting
 + Level 3.5 Short Blades
 - Level 2.4 Armour
 + Level 0.1 Dodging
 - Level 2.4 Shields


You had one spell level left.
You didn't know any spells.
Your spell library was empty.

Dungeon Overview and Level Annotations

Branches:
Dungeon (1/15)

Altars:


Innate Abilities, Weirdness & Mutations

You are small and have problems with some larger weapons.
You are completely attuned to the shadows.


Message History

You see here a +0 leather armour.
A ball python comes into view.
The ball python hisses angrily.
The ball python moves out of view.
A ball python is nearby!
You hit the ball python.
The ball python is heavily wounded.
The ball python completely misses you. The ball python grabs you.
The ball python constricts you. The ball python barely misses you.
The ball python constricts you.
You closely miss the ball python.
The ball python is heavily wounded.
The ball python bites you but does no damage.
The ball python constricts you.
You hit the ball python.
You kill the ball python!
You have reached level 2!
You start resting.
HP restored.
f - a scroll labelled LIGRON IBRUSE You see here a ball python corpse.
Found a scroll labelled WATZEO GOIKE.
g - a scroll labelled WATZEO GOIKE A gnoll comes into view.
It is wielding a +0 flail.
You see here 15 gold pieces.
The gnoll shouts!
The gnoll attacks as you move away! The gnoll closely misses you.
You hit the gnoll.
The gnoll is lightly wounded.
The gnoll barely misses you.
You hit the gnoll.
The gnoll is heavily wounded.
The gnoll hits you with a +0 flail. The gnoll hits you with a +0 flail!
You hit the gnoll.
The gnoll is severely wounded.
The gnoll hits you with a +0 flail!
* * * LOW HITPOINT WARNING * * *
The gnoll attacks as you move away! The gnoll hits you with a +0 flail!
Ouch! That really hurt!
You die...

###### ######.....
##....)..... ....#
#.....###### #...#
##....##..... # .##...#
#....##......
#.##.....###....#.......
....##.@.#......#.......
#$#g#†#[..###'###....
#..##....##..#..##...
#.#......##...#.>.##..
#.##.##...#....##.<.#..
... ..###..#.... ##..#..
.. ### ##.# ###'##
....#.. ....#..


You could see a gnoll.

Vanquished Creatures
  A ball python (D:1)
  An endoplasm (D:1)
  A giant cockroach (D:1)
  A kobold (D:1)
  2 frilled lizards (D:1)
6 creatures vanquished.

Notes
Turn   | Place    | Note
-------+----------+-------------------------------------------
     0 | D:1      | Ic0nGaming the Kobold Fighter began the quest for the Orb.
     0 | D:1      | Reached XP level 1. HP: 14/14 MP: 1/1
   109 | D:1      | Reached XP level 2. HP: 18/19 MP: 2/2
   128 | D:1      | Mangled by a gnoll

Illustrated notes

Levels and vault maps discovered:
D:1:      co_arrival_two_rings, layout_rooms,
          dilly_ecumenical_altar_fadedgnrine, minmay_tromino_v7

Skill      XL: |  1 |
---------------+----+-----
Short Blades   | 3 |  3.5
Fighting       | |  3.2
Armour         | |  2.4
Dodging        | |  0.1
Shields        | |  2.4

Action                     || total
---------------------------++-------
  Melee: Rapier            ||    23
 Armour: Scale mail        ||    10
  Dodge: Dodged            ||    15
  Block: Buckler           ||     4

Table legend: (Time is in decaauts)
 A = Elapsed time spent in this place.
 B = Non-inter-level travel time spent in this place.
 C = Inter-level travel time spent in this place.
 D = Time resting spent in this place.
 E = Time spent auto-exploring this place.
 F = Levels seen in this place.
 G = Mean time per level.
                   A        B        C        D        E       F      G
               +--------+--------+--------+--------+--------+-----+--------+
         Total |    131 |    131 |      0 |      3 |     54 |   1 |  131.0 |
       Dungeon |    131 |    131 |      0 |      3 |     54 |   1 |  131.0 |
               +--------+--------+--------+--------+--------+-----+--------+

Top non-repeatable levels by time:
     D:1: 131 daAuts
